 Dungeon Crawl Stone Soup version 0.17-a0-744-gaa96792 (webtiles) character file.

255 namelastname112 the Cudgeler (level 5, -2/47 HPs)
             Began as a Draconian Chaos Knight on Apr 21, 2015.
             Slain by a worker ant (4 damage)
             ... on level 4 of the Dungeon.
             The game lasted 00:06:24 (2694 turns).

namelastname112 the Cudgeler (DrCK)                 Turns: 2694, Time: 00:06:41

Health: -2/47      AC:  7    Str: 14    XL:     5   Next: 91%
Magic:  5/5        EV: 13    Int: 12    God:    Xom [....*.]
Gold:   125        SH:  0    Dex: 12    Spells: 0 memorised, 4 levels left

rFire  . . .     SeeInvis .     a - +0 mace (chaos)
rCold  . . .     Clarity  .     (armour unavailable)
rNeg   . . .     SustAb   .     (no shield)
rPois  .         Gourm    .     c - +2 hat
rElec  .         Spirit   .     (no cloak)
rCorr  .         Warding  .     (no gloves)
rMut   .         Stasis   .     (no boots)
MR     .....                    (no amulet)
Stlth  +.........               (no ring)
                                (no ring)

@: not resistant to hostile enchantments, very unstealthy
A: unfitting armour, cold-blooded, AC +5
a: Renounce Religion


You were on level 4 of the Dungeon.
You worshipped Xom.
You were a beloved toy of Xom.
You were very hungry.

You visited 1 branch of the dungeon, and saw 4 of its levels.

You collected 125 gold pieces.

Inventory:

Hand weapons
 a - a +0 mace of chaos (weapon)
Missiles
 k - a throwing net (quivered)
Armour
 c - a +2 hat (worn)
Magical devices
 g - a wand of random effects (29)
 n - a wand of fire (8)
Scrolls
 d - 2 scrolls of remove curse {unknown}
 f - 3 scrolls of identify {unknown}
 i - a scroll of noise {unknown}
 o - a scroll of amnesia {unknown}
 t - 3 scrolls of teleportation {unknown}
 u - a scroll of blinking {unknown}
Potions
 e - 3 potions of curing
 h - a potion of beneficial mutation {unknown}
 j - 2 potions of ambrosia {unknown}
 l - 2 potions of mutation {unknown}
 m - a potion of cancellation {unknown}
 v - a potion of cure mutation {unknown}
Miscellaneous
 s - a sack of spiders
Comestibles
 b - 4 bread rations
 p - a royal jelly
 q - 3 beef jerkies
 r - a slice of pizza


   Skills:
 + Level 4.7 Fighting
 * Level 5.1 Maces & Flails
 + Level 3.4 Dodging


You had 4 spell levels left.
You didn't know any spells.

Dungeon Overview and Level Annotations

Branches:
Dungeon (4/15)
 Temple: D:4-7

Altars:
Ashenzari
Xom


Innate Abilities, Weirdness & Mutations

Your plain brown scales are hard (AC +5).
Your body does not fit into most forms of armour.
You are cold-blooded and may be slowed by cold attacks.


Message History

There are monsters nearby!
There are monsters nearby!
Xom smirks.
You feel aware of your surroundings.
You sensed 1 altar.
You hit the ogre.
There is a sudden explosion of sparks!
The ogre is heavily wounded.
The ogre hits you with a giant spiked club!
You hit the ogre. You tail-slap the ogre.
The ogre is severely wounded.
The worker ant twitches its antennae in your direction.
You barely miss the ogre.
The ogre is severely wounded.
The ogre closely misses you.
You hit the ogre but do no damage.
The ogre is severely wounded.
The ogre hits you with a giant spiked club!!
* * * LOW HITPOINT WARNING * * *
The worker ant bites you.
You die...
Xom snickers!

,* *,,,,,,*,,,,,,,
,*,,,, **
*..***,*,,⌠,,,⌠,,*,
, * *#..# ,, ,, ,,
,, , , *
*#....#***,,,,,,
,,*,,,, * * ...(.##
* **. *,**,,,, **
**, ,,#....## #..
,,, ,,, , ** ** ,,
**#....##..$., ,
,,,, , , ,, ,, *
#aO........,,,,,,,,
* ,, ,.. *
*#@........,,,,, ,,
****#..#*
###.........,
,,,,,, *#..##
##.....###...,,, ,
, #...###....###
*,,*********
*#.......### ,,,*
##....### , ,*
###...## *, **
###....## ,
*####......## *,,*


You could see an ogre and a worker ant.

Vanquished Creatures
  A goliath beetle (shapeshifter) (D:3)
  An orc wizard (D:3)
  Ijyb (D:2)
  5 adders
  A river rat (D:3)
  A gnoll (D:3)
  2 worms (D:2)
  8 orcs (D:3)
  7 giant cockroaches
  15 goblins
  7 hobgoblins
  6 jackals (D:3)
  5 kobolds
  A quokka (D:3)
  10 bats
  3 giant newts
  15 rats
  A butterfly (D:2)
90 creatures vanquished.

Notes
Turn   | Place    | Note
--------------------------------------------------------------
     0 | D:1      | namelastname112, the Draconian Chaos Knight, began the quest for the Orb.
     0 | D:1      | Reached XP level 1. HP: 19/19 MP: 1/1
    11 | D:1      | XOM: silly message
    42 | D:1      | XOM: harmless Hex miscast
    90 | D:1      | Reached XP level 2. HP: 26/26 MP: 2/2
   223 | D:1      | Found a shattered altar of Ashenzari.
   281 | D:1      | You fall through a shaft!
   281 | D:2      | Found a shimmering altar of Xom.
   656 | D:2      | Reached XP level 3. HP: 26/33 MP: 3/3
   686 | D:2      | Noticed Ijyb
   693 | D:2      | XOM: divination: detect creatures
   710 | D:2      | Killed Ijyb
   710 | D:2      | Reached skill level 4 in Fighting
   908 | D:2      | Reached XP level 4. HP: 31/40 MP: 4/4
   989 | D:2      | XOM is BORED!
   989 | D:2      | XOM: harmless Trmt miscast
  1499 | D:2      | XOM: cast spell 'Ice Form'
  1895 | D:3      | Noticed a giant frog
  1895 | D:3      | a giant eyeball changed into a giant frog
  1905 | D:3      | Reached XP level 5. HP: 4/47 MP: 5/5
  1960 | D:2      | XOM: god gift: 5 needles of sleeping
  2271 | D:3      | XOM: god gift: sack of spiders
  2446 | D:3      | XOM: enchant monster (good)
  2457 | D:3      | Reached skill level 5 in Maces & Flails
  2689 | D:4      | Noticed an ogre
  2690 | D:4      | XOM: divination: magic mapping
  2694 | D:4      | HP: 2/47 [ogre/giant spiked club (21)]
  2694 | D:4      | Slain by a worker ant

Action                   |  1- 3 |  4- 6 || total
-------------------------+-------+-------++-------
Melee: Mace              |    95 |   169 ||   264
       Unarmed           |       |    13 ||    13
  Use: Potion            |       |     2 ||     2
 Stab: Sleeping          |     1 |       ||     1
       Confused          |       |     1 ||     1
       Paralysed         |       |     1 ||     1
  Eat: Chunk             |       |     5 ||     5
